 Dungeon Sprint DCSS version 0.22-a0-542-gce4f928 (webtiles) character file.

2 raistware the Sneak (level 1, -1/10 HPs)
             Began as a Spriggan Assassin on June 24, 2018.
             Slain by a scorpion (5 damage)
             ... in the Dungeon (Sprint III: "The Ten Rune Challenge").
             The game lasted 00:01:42 (136 turns).

raistware the Sneak (Spriggan Assassin)              Turns: 136, Time: 00:01:43

Health: -1/10      AC:  5    Str:  7    XL:     1   Next: 33%
Magic:  1/1        EV: 17    Int: 12    God:
Gold:   20         SH:  0    Dex: 17    Spells: 0/0 levels left

rFire    . . .     SeeInvis +   a - +2 dagger
rCold    + . .     Gourm    .   (shield restricted)
rNeg     . . .     Faith    .   c - +0 robe
rPois    .         Spirit   .   (helmet restricted)
rElec    .         Reflect  .   d - +0 cloak
rCorr    .         Harm     .   (gloves unavailable)
MR       .....     NoTele   +   (boots unavailable)
Stlth    ++++......             (no amulet)
HPRegen  0.03/turn              (no ring)
MPRegen  0.07/turn              (no ring)

@: hasted, very quick
A: very small, unfitting armour, icy blue scales 1, see invisible, cold
resistance 1, herbivore, speed 3, low mp 1, slow metabolism 2, evolution 1
a: no special abilities


You were in the Dungeon.
You were not hungry.

You visited 1 branch You collected 20 gold pieces.

Inventory:

Hand Weapons
 a - a +2 dagger (weapon)
 b - a +0 blowgun
Missiles
 e - 8 poisoned needles
 f - 2 curare-tipped needles
Armour
 c - a +0 robe (worn)
 d - a +0 cloak (worn)
Scrolls
 m - a scroll of blinking
 n - 4 scrolls of identify
 o - 2 scrolls of holy word {unknown}
 p - a scroll of enchant armour {unknown}
 q - 2 scrolls of remove curse
Potions
 i - 2 potions of heal wounds
 k - 2 potions of magic
 l - a potion of berserk rage
 r - 2 potions of flight {unknown}
Comestibles
 g - 3 rations


   Skills:
 - Level 1.5 Fighting
 + Level 3.1 Short Blades
 - Level 2.0 Throwing
 - Level 1.5 Dodging
 + Level 6.6 Stealth


You couldn't memorise any spells.
You didn't know any spells.
Your spell library was empty.

Dungeon Overview and Level Annotations

Branches:
Dungeon (1/1)

Altars:


Innate Abilities, Weirdness & Mutations

You are very small and have problems with some larger weapons.
You are too small for most types of armour.
You have supernaturally acute eyesight. (SInv)
You are a herbivore.
You cover ground extremely quickly.
You need to consume almost no food.
You are partially covered in icy blue scales. (AC +2)
Your flesh is cold resistant. (rC+)
Your magical capacity is low. (-10% MP)
You evolve.


Message History

You barely miss the scorpion. You hit the scorpion.
The scorpion is lightly wounded.
The scorpion closely misses you.
You hit the scorpion but do no damage.
The scorpion is lightly wounded.
You barely miss the scorpion.
The scorpion is lightly wounded.
The scorpion stings you.
Ouch! That really hurt!
You closely miss the scorpion.
The scorpion is lightly wounded.
The scorpion misses you.
You hit the scorpion but do no damage.
The scorpion is lightly wounded.
You completely miss the scorpion.
The scorpion is lightly wounded.
The scorpion stings you.
Ouch! That really hurt!
You die...

▓▓▓▓▓▓▓▓▓▓▓▓▓
▓<.#..s...♣.♣
▓..#.@#....♣♣
▓#'####.s...♣♣
▓.....#....≈.♣♣♣
▓†...†#...≈≈♣...
▓.....#..≈≈≈≈♣.♣
▓####'#..≈≈≈≈≈≈♣
▓.....#.≈≈≈≈≈≈..
▓...†.#.≈≈≈≈≈...
▓.....#.≈≈≈....p


You could see a scorpion.

Vanquished Creatures
  4 rats (D)
4 creatures vanquished.

Vanquished Creatures (others)
  A yaktaur (D)
1 creature vanquished.

Grand Total: 5 creatures vanquished

Notes
Turn   | Place    | Note
-------+----------+-------------------------------------------
     0 | D        | raistware the Spriggan Assassin began the quest for the Orb.
     0 | D        | Reached XP level 1. HP: 10/10 MP: 2/2
     4 | D        | Reached skill level 6 in Stealth
    33 | D        | Noticed a scorpion
    37 | D        | Killed a yaktaur
   116 | D        | Gained mutation: You are dopey. (Int -2) [potion of mutation]
   116 | D        | Gained mutation: You are frail. (-10% HP) [potion of mutation]
   116 | D        | Gained mutation: Your muscles are strong. (Str +2) [potion of mutation]
   117 | D        | Lost mutation: Your muscles are strong. (Str +2) [potion of mutation]
   117 | D        | Lost mutation: You are dopey. (Int -2) [potion of mutation]
   117 | D        | Lost mutation: You are frail. (-10% HP) [potion of mutation]
   117 | D        | Gained mutation: You are dopey. (Int -2) [potion of mutation]
   117 | D        | Gained mutation: You have a somewhat thin skeletal structure. (Dex +2, Stealth) [potion of mutation]
   117 | D        | Gained mutation: You possess an exceptional clarity of mind. [potion of mutation]
   118 | D        | Lost mutation: You are dopey. (Int -2) [potion of mutation]
   118 | D        | Lost mutation: You have a somewhat thin skeletal structure. (Dex +2, Stealth) [potion of mutation]
   118 | D        | Gained mutation: You are partially covered in yellow scales. (AC +2) [potion of mutation]
   118 | D        | Gained mutation: Your mind is acute. (Int +2) [potion of mutation]
   119 | D        | Lost mutation: You possess an exceptional clarity of mind. [potion of mutation]
   119 | D        | Lost mutation: Your mind is acute. (Int +2) [potion of mutation]
   119 | D        | Lost mutation: You are partially covered in yellow scales. (AC +2) [potion of mutation]
   119 | D        | Gained mutation: Your magical capacity is low. (-10% MP) [potion of mutation]
   119 | D        | Gained mutation: You are partially covered in icy blue scales. (AC +2) [potion of mutation]
   119 | D        | Gained mutation: Your system is resistant to poisons. (rPois) [potion of mutation]
   119 | D        | Gained mutation: Your muscles are strong. (Str +2) [potion of mutation]
   120 | D        | Lost mutation: Your muscles are strong. (Str +2) [potion of mutation]
   120 | D        | Lost mutation: Your system is resistant to poisons. (rPois) [potion of mutation]
   120 | D        | Gained mutation: Your flesh is cold resistant. (rC+) [potion of mutation]
   120 | D        | Gained mutation: You evolve. [potion of mutation]
   136 | D        | Slain by a scorpion

Vault maps used:
D:        dungeon_sprint_mu

Skill      XL: |  1 |
---------------+----+-----
Stealth        | 6 |  6.6
Short Blades   | 3 |  3.1
Fighting       | |  1.5
Throwing       | |  2.0
Dodging        | |  1.5

Action                   || total
-------------------------++-------
Melee: Dagger            ||    14
  Use: Potion            ||     7
 Stab: Sleeping          ||     3
Armor: Robe              ||     2
Dodge: Dodged            ||     5

Table legend:
 A = Spawn XP
 B = Non-spawn XP
 C = Spawn XP percentage of total XP
 D = Spawn monster count
 E = Non-spawn monster count
 F = Spawn count percentage of total count
 G = Total turns spent on level
                    A         B        C        D         E        F      G
               +---------+---------+-------+---------+---------+-------+---------
         Total |       0 |       4 |   0.0 |       0 |       4 |   0.0 |   136
               +---------+---------+-------+---------+---------+-------+---------
             D |       0 |       4 |   0.0 |       0 |       4 |   0.0 |   136
               +---------+---------+-------+---------+---------+-------+---------
